 Dungeon Crawl Stone Soup version 0.20.1-1-g8b1a95d (webtiles) character file.

106 Folque the Magician (level 4, -4/29 HPs)
             Began as an Octopode Wizard on Nov 18, 2017.
             Killed from afar by a white imp (9 damage)
             ... with a puff of frost
             ... summoned by Natasha
             ... on level 3 of the Dungeon.
             The game lasted 00:09:12 (2162 turns).

Folque the Magician (Octopode Wizard)               Turns: 2162, Time: 00:09:13

Health: -4/29      AC:  4    Str:  6    XL:     4   Next: 84%
Magic:  0/9        EV: 13    Int: 21    God:
Gold:   143        SH:  0    Dex: 10    Spells: 2/10 levels left

rFire    . . .     SeeInvis .   e - +0 short sword
rCold    . . .     Gourm    .   (no shield)
rNeg     . . .     Faith    .   a - +0 hat
rPois    .         Spirit   .   (no amulet)
rElec    .         Reflect  .   l - +3 ring of protection
rCorr    .         Harm     .   (no ring)
MR       .....                  (no ring)
Stlth    +++.......             (no ring)
Regen    0.1/turn               (no ring)
MPRegen  0.2/turn               (no ring)
                                (no ring)
                                (no ring)

@: slowed, very slow
A: almost no armour, stealthy swim, amphibious, 8 rings, constrict 8, camouflage
1, gelatinous body 1
a: no special abilities


You were on level 3 of the Dungeon.
You were not hungry.

You visited 1 branch of the dungeon, and saw 3 of its levels.

You collected 143 gold pieces.

Inventory:

Hand Weapons
 e - a +0 short sword (weapon)
Armour
 a - a +0 hat (worn)
 f - a +0 buckler
 n - a +2 buckler
Jewellery
 l - a +3 ring of protection (left tentacle)
Wands
 m - a wand of confusion (22/48)
Scrolls
 d - a scroll of remove curse
 h - 3 scrolls of identify {unknown}
 i - a scroll of magic mapping {unknown}
 j - a scroll of fear {unknown}
 k - a scroll of enchant armour {unknown}
Potions
 o - 3 potions of curing {unknown}
 p - a potion of agility {unknown}
 q - 2 potions of degeneration {unknown}
Books
 b - a book of Minor Magic

   Spells                             Type                      Level
   a - Magic Dart                     Conjuration                  1
   b - Blink                          Translocation                2
   c - Call Imp                       Summoning                    2
   d - Slow                           Hexes                        2
   e - Conjure Flame                  Conjuration/Fire             3
   f - Mephitic Cloud                 Conjuration/Poison/Air       3
Comestibles
 c - 2 bread rations
 g - a royal jelly
 r - 8 chunks of flesh


   Skills:
 - Level 2.2 Fighting
 - Level 2.0 Dodging
 - Level 2.6 Stealth
 + Level 3.5 Spellcasting
 + Level 1.8 Conjurations
 - Level 1.0 Summonings
 - Level 1.0 Translocations
 * Level 2.6 Poison Magic


You had 2 spell levels left.
You knew the following spells:

 Your Spells              Type           Power        Failure   Level  Hunger
a - Magic Dart            Conj           ##..         6%          1    None
b - Call Imp              Summ           #.......     13%         2    ##.....
c - Blink                 Tloc           N/A          13%         2    ##.....
d - Mephitic Cloud        Conj/Pois/Air  #.......     21%         3    ###....


Dungeon Overview and Level Annotations

Branches:
Dungeon (3/15)

Altars:
Cheibriados
Qazlal

Annotations:
D:3 Natasha


Innate Abilities, Weirdness & Mutations

You cannot wear most types of armour.
You are very stealthy in the water. (Stealth+)
You are amphibious.
You can wear up to eight rings at the same time.
You can use your tentacles to constrict eight enemies at once.
Your skin changes colour to match your surroundings (Stealth+).
Your rubbery body absorbs attacks. (AC +1, EV +1)


Message History

Aiming: Mephitic Cloud
Press: ? - help, Shift-Dir - straight line, f - Natasha
Aim: Natasha The ball explodes into a vile cloud!
The stinking cloud engulfs Natasha.
You constrict the white imp, but do no damage.
Natasha is engulfed in noxious fumes.
The crimson imp picks up a beetle and eats it.
The white imp closely misses you.
The crimson imp blinks!
Natasha is engulfed in noxious fumes.
Natasha appears confused.
You catch the helpless Natasha completely off-guard!
You hit Natasha. You grab Natasha. You squeeze Natasha.
Natasha is heavily wounded.
You constrict Natasha. You constrict the white imp.
The crimson imp blinks!
The white imp gestures at you. The puff of frost misses you.
Natasha struggles to escape constriction.
The crimson imp blinks!
The white imp gestures at you. The puff of frost hits you!
You die...

#.................#
###.............##..
#..<...........## #
#..............## .##.
#.......5.......##...
#.÷...........#....#
######.............#....##
#.................§..#...
######.[.....§@h##..##.#.
##...........5§§§....# .#
##.......#######.§÷...# ##..
#........# ##......##...
#.......## ##....#.....# .
#...))..# #.....#.....#<.
##.....#######..##..........
#..............†...).......
#.......###........).†......


You could see Natasha (confused), a crimson imp and a white imp.

Vanquished Creatures
  Jessica (D:3)
  3 adders (D:2)
  A dart slug (D:1)
  4 giant cockroaches
  5 goblins
  6 hobgoblins
  9 kobolds
  A ball python (D:1)
  9 bats
  7 frilled lizards
  11 rats
57 creatures vanquished.

Vanquished Creatures (collateral kills)
  A bat (D:2)
1 creature vanquished.

Vanquished Creatures (others)
  A worm (D:2)
1 creature vanquished.

Grand Total: 59 creatures vanquished

Notes
Turn   | Place    | Note
-------+----------+-------------------------------------------
     0 | D:1      | Folque the Octopode Wizard began the quest for the Orb.
     0 | D:1      | Reached XP level 1. HP: 11/11 MP: 4/4
   469 | D:1      | Reached skill level 1 in Fighting
   471 | D:1      | Reached XP level 2. HP: 16/18 MP: 6/6
   532 | D:1      | Found a snail-covered altar of Cheibriados.
   557 | D:1      | Learned a level 2 spell: Call Imp
   560 | D:1      | Learned a level 2 spell: Blink
  1158 | D:2      | Reached XP level 3. HP: 24/24 MP: 7/7
  1336 | D:2      | Learned a level 3 spell: Mephitic Cloud
  1451 | D:2      | Reached skill level 1 in Poison Magic
  1585 | D:2      | Reached XP level 4. HP: 29/29 MP: 9/9
  1590 | D:2      | Found a stormy altar of Qazlal.
  2094 | D:3      | Noticed Jessica
  2094 | D:3      | Noticed Natasha
  2126 | D:3      | Killed Jessica
  2162 | D:3      | Killed from afar by a white imp

Skill      XL: |  1  2  3  4 |
---------------+-------------+-----
Fighting       | 1 2 |  2.2
Poison Magic   | 1 2 |  2.6
Dodging        | |  2.0
Stealth        | |  2.6
Spellcasting   | |  3.5
Conjurations   | |  1.8
Summonings     | |  1.0
Translocations | |  1.0

Action                   |  1- 3 |  4- 6 || total
-------------------------+-------+-------++-------
Melee: Short sword       |    75 |    48 ||   123
       Constrict         |    20 |    14 ||    34
       Tentacles         |     4 |     7 ||    11
 Cast: Magic Dart        |     7 |     3 ||    10
       Call Imp          |     1 |       ||     1
       Mephitic Cloud    |       |     4 ||     4
  Use: Scroll            |     1 |       ||     1
 Stab: Sleeping          |     9 |     2 ||    11
       Confused          |       |     2 ||     2
  Eat: Chunk             |     2 |     2 ||     4
Armor: Skin              |    17 |    18 ||    35
Dodge: Dodged            |    50 |    37 ||    87
Block: Buckler           |     1 |       ||     1
